 Dungeon Crawl Stone Soup version 0.32-a0-360-gcd93b57ba1 (webtiles) character file.

Game seed: 12570470469309517095

11 2tousent the Chopper (level 2, 24/24 HPs)
             Began as a Coglin Chaos Knight on Feb 19, 2024.
             Was a Plaything of Xom.
             Quit the game on level 1 of the Dungeon.
             The game lasted 00:02:06 (573 turns).

2tousent the Chopper (Coglin Chaos Knight)           Turns: 573, Time: 00:02:07

Health: 24/24      AC:  5    Str: 12    XL:     2   Next: 29%
Magic:  2/2        EV: 11    Int: 11    God:    Xom [..*...]
Gold:   25         SH:  0    Dex: 13    Spells: 1/1 levels left

rFire   . . .        a - +0 hand axe (chaos) {Zhen}
rCold   . . .        (no shield)
rNeg    . . .        b - +2 leather armour
rPois   .            (no helmet)
rElec   .            (no cloak)
rCorr   .            (no gloves)
SInv    .            (no boots)
Will    .....        (no amulet)
Stlth   +            (no ring)
HPRegen 0.24/turn    (no ring)
MPRegen 0.08/turn

%: no passive effects
@: no status effects
A: off-hand wielding, slow wielding, warmup strikes, warmup strides
a: Renounce Religion


You were on level 1 of the Dungeon.
You worshipped Xom.
You were a toy of Xom.
You visited 1 branch of the dungeon, and saw 1 of its levels.

You collected 25 gold pieces.

Inventory:

Hand Weapons
 a - a +0 hand axe of chaos (weapon) {Zhen}
Armour
 b - a +2 leather armour (worn)
Scrolls
 c - a scroll of butterflies
 f - a scroll of poison {unknown}
 g - 2 scrolls of identify {unknown}
 h - a scroll of vulnerability {unknown}
 i - a scroll of immolation {unknown}
 j - a scroll of torment {unknown}
Potions
 d - a potion of might {unknown}
 e - a potion of lignification {unknown}


   Skills:
 + Level 3.1 Fighting
 + Level 3.2 Axes
 + Level 2.0 Armour
 + Level 1.2 Dodging


You had one spell level left.
You didn't know any spells.
Your spell library was empty.

Dungeon Overview and Level Annotations

Branches:
Dungeon (1/15)

Altars:


Innate Abilities, Weirdness & Mutations

You can wield a second weapon in your off-hand.
It takes a long time for you to wield or remove held weapons.
Your first few attacks do less damage.
Your first movements take longer.


Message History

The ball python hisses angrily.
The frilled lizard hisses angrily.
The ball python bites you but does no damage.
The ball python grabs you. The ball python constricts you.
There are monsters nearby!
You hit the ball python.
The ball python seems to slow down.
You freeze the ball python.
You kill the ball python!
The frilled lizard misses you.
Things that are here:
a scroll labelled XEUGUP QU UZE; a ball python corpse You hit the frilled lizard.
You kill the frilled lizard!
No target in view!
No target in view!
No target in view!
No target in view!
No target in view!
No target in view!
No target in view!
No target in view!
No target in view!
No target in view!
No target in view!
No target in view!
h - a scroll labelled XEUGUP QU UZE You see here a ball python corpse.
i - a scroll labelled RUGASEASYN
Found 2 stones.
j - a scroll labelled JUBEWN SUSK
g - 2 scrolls labelled GADUMO IFOUGRUGH (gained 1)
You now have 25 gold pieces (gained 15).
You open the door.
There is an open door here.
A rat comes into view.
The rat squeaks loudly.
A rat is nearby!
Welcome back, 2tousent the Coglin Chaos Knight.
Xom slaps you with a silver trout!
Press ? for a list of commands and other information.
Are you sure you want to abandon this character and quit the game? (Confirm with "yes".)

#.###..(###.. #.#
#...# ..
#.###...###..#
#............#
##..#..#######
#..##........
######..##########
#..r..............
#@# ###########..[
#.# #... #.# #...
#.#############...
#.................
##############....
#.#.# #.#.. #.###


You could see a rat.

Vanquished Creatures
  A ball python (D:1)
  3 jackals (D:1)
  A kobold (D:1)
  A frilled lizard (D:1)
6 creatures vanquished.

Notes
Turn   | Place    | Note
-------+----------+-------------------------------------------
     0 | D:1      | 2tousent the Coglin Chaos Knight began the quest for the
                  | Orb.
     0 | D:1      | Reached XP level 1. HP: 18/18 MP: 1/1
    27 | D:1      | Reached skill level 1 in Dodging
   130 | D:1      | XOM is BORED!
   130 | D:1      | XOM: 4-stop teleportation journey
   162 | D:1      | Reached XP level 2. HP: 20/24 MP: 2/2
   310 | D:1      | XOM: silly message
   573 | D:1      | Quit the game

Illustrated notes

Levels and vault maps discovered:
D:1:      lightli_arrival_boilingwater, layout_basic, minmay_liquid_box,
          minmay_misc_feat_cross

Skill      XL: |  1 |
---------------+----+-----
Dodging        | 1 |  1.2
Armour         | 2 |  2.0
Fighting       | |  3.1
Axes           | |  3.2

Action                     || total
---------------------------++-------
  Melee: Hand axe          ||    21
 Armour: Leather armour    ||    12
  Dodge: Dodged            ||    12

Table legend: (Time is in decaauts)
 A = Elapsed time spent in this place.
 B = Non-inter-level travel time spent in this place.
 C = Inter-level travel time spent in this place.
 D = Time resting spent in this place.
 E = Time spent auto-exploring this place.
 F = Levels seen in this place.
 G = Mean time per level.
                   A        B        C        D        E       F      G
               +--------+--------+--------+--------+--------+-----+--------+
         Total |    593 |    593 |      0 |      0 |    532 |   1 |  593.0 |
       Dungeon |    593 |    593 |      0 |      0 |    532 |   1 |  593.0 |
               +--------+--------+--------+--------+--------+-----+--------+

Top non-repeatable levels by time:
     D:1: 593 daAuts
